 Dungeon Crawl Stone Soup version 0.30-b1-2-g02819fbbbe (webtiles) character file.

Game seed: 1625133152786106514

24809 Mesmaeker13 the Fighter (level 12, -3/113 HPs)
             Began as a Minotaur Fighter on May 9, 2023.
             Was a High Priest of Okawaru.
             Slain by an 18-headed hydra (8 damage)
             ... on level 3 of the Lair of Beasts on May 12, 2023.
             The game lasted 00:23:21 (15319 turns).

Mesmaeker13 the Fighter (Minotaur Fighter)         Turns: 15319, Time: 00:23:22

Health: -3/113     AC: 29    Str: 19    XL:     12   Next: 83%
Magic:  16/16      EV: 12    Int:  4    God:    Okawaru [*****.]
Gold:   833        SH:  7    Dex: 11    Spells: 11/11 levels left

rFire   + + .        P - +3 long sword (protect)
rCold   . . .        c - +0 buckler
rNeg    + . .        w - +8 ring mail of Trumpets {Rampage rN+ Regen+ Int-3}
rPois   +            (helmet restricted)
rElec   .            d - +2 cloak
rCorr   .            g - +2 pair of gloves of the Cuttlefish {rPois rF+ Str-4}
SInv    .            (no boots)
Will    +....        (no amulet)
Stlth   +            M - ring of willpower
HPRegen 1.18/turn    C - ring of protection from fire
MPRegen 0.15/turn

%: rampage
@: under a protective aura
A: horns 2, retaliatory headbutt
a: Renounce Religion, Heroism, Finesse, Duel


You were on level 3 of the Lair of Beasts.
You worshipped Okawaru.
Okawaru was extremely pleased with you.
You visited 3 branches of the dungeon, and saw 15 of its levels.

You collected 833 gold pieces.

Inventory:

Hand Weapons
 f - a +2 falchion of freezing
 m - a +0 morningstar
 P - a +3 long sword of protection (weapon)
Missiles
 b - 4 curare-tipped darts (quivered)
Armour
 c - a +0 buckler (worn)
 d - a +2 cloak (worn)
 g - the +2 pair of gloves of the Cuttlefish (worn) {rPois rF+ Str-4}
   (Okawaru gifted it to you on level 1 of the Lair of Beasts)

   Str:       It affects your strength (-4).
   rF:        It protects you from fire.
   rPois:     It protects you from poison.
 w - the +8 ring mail of Trumpets (worn) {Rampage rN+ Regen+ Int-3}
   (You found it on level 11 of the Dungeon)

   Int:       It affects your intelligence (-3).
   rN:        It protects you from negative energy.
   Regen:     It increases your rate of health regeneration.
   Rampage:   It bestows one free step when moving towards enemies.
Jewellery
 v - a ring of resist corrosion
 C - a ring of protection from fire (right hand)
 G - a ring of poison resistance
 M - a ring of willpower (left hand)
 R - a ring of protection from cold
Wands
 a - a wand of acid (7)
 y - a wand of charming (8)
 B - a wand of flame (21)
 K - a wand of digging (3)
Scrolls
 e - 2 scrolls of amnesia
 i - 6 scrolls of fog
 j - 6 scrolls of teleportation
 l - 4 scrolls of vulnerability
 n - 2 scrolls of summoning
 o - 3 scrolls of torment
 q - a scroll of fear
 u - 2 scrolls of enchant weapon
 z - 4 scrolls of noise
 J - 2 scrolls of magic mapping
 L - 3 scrolls of immolation
 O - 2 scrolls of poison
Potions
 h - 2 potions of brilliance {unknown}
 k - a potion of invisibility {unknown}
 p - 2 potions of ambrosia {unknown}
 r - 2 potions of magic
 A - 2 potions of flight
 D - a potion of curing {unknown}
 E - 2 potions of haste
 F - a potion of cancellation {unknown}
 Q - a potion of mutation


   Skills:
 + Level 12.9 Fighting
 + Level 12.5 Long Blades
 - Level 11.2 Armour
 + Level 5.7 Dodging
 + Level 12.8 Shields
 + Level 7.4 Invocations


You had 11 spell levels left.
You didn't know any spells.
Your spell library contained the following spells:

 Spells                   Type           Power      Damage    Failure   Level
 Necrotise                Necr           0%         1d4       69%         1
 Sandblast                Erth           0%         2d4       69%         1
 Shock                    Conj/Air       0%         1d3       69%         1
 Passwall                 Tmut/Erth      0%         N/A       83%         2
 Scorch                   Fire           0%         2d5       83%         2
 Portal Projectile        Hex/Tloc       0%         N/A       96%         3
 Stone Arrow              Conj/Erth      0%         3d7       96%         3
 Swiftness                Air            0%         N/A       96%         3
 Vampiric Draining        Necr           0%         2d6       96%         3
 Airstrike                Air            0%         2d(0-16)  100%        4
 Flame Wave               Conj/Fire      0%         2d4       100%        4
 Leda's Liquefaction      Hex/Erth       0%         N/A       100%        4
 Agony                    Necr           0%         N/A       100%        5
 Blade Hands              Tmut           0%         N/A       100%        5
 Summon Small Mammal      Summ           Unusable   N/A       N/A         1
 Call Canine Familiar     Summ           Unusable   N/A       N/A         3
 Summon Guardian Golem    Hex/Summ       Unusable   N/A       N/A         3
 Tukima's Dance           Hex            Unusable   N/A       N/A         3
 Summon Cactus Giant      Summ           Unusable   N/A       N/A         6

Dungeon Overview and Level Annotations

Branches:
Dungeon (11/15)            Temple (1/1) D:6            Lair (3/5) D:10
    Orc (0/2) D:9
  Swamp: Lair:2-3    Shoals: Lair:2-3     Snake: Lair:2-3    Spider: Lair:2-3

Altars:
Ashenzari
Cheibriados
Dithmenos
Elyvilon
Fedhas
Gozag
Hepliaklqana
Kikubaaqudgha
Makhleb
Nemelex Xobeh
Okawaru
Qazlal
Ru
Sif Muna
Trog
Uskayaw
Vehumet
Wu Jian
Xom
Yredelemnul
Zin
The Shining One

Shops:
D:9 [

Portals:
Abyss: D:10

Annotations:
D:10 2 transporters, PanSaczeczos's ghost, journeyman MfRe
D:11 2 transporters


Innate Abilities, Weirdness & Mutations

You have a pair of horns on your head.
You reflexively headbutt those who attack you in melee.


Message History

You headbutt the 17-headed hydra!
The 17-headed hydra is moderately wounded.
The 17-headed hydra bites you.
* * * LOW HITPOINT WARNING * * *
The 17-headed hydra bites you but does no damage.
You block the 17-headed hydra's attack.
The 17-headed hydra bites you but does no damage.
The 17-headed hydra closely misses you. The 17-headed hydra barely misses you.
The 17-headed hydra bites you but does no damage.
The 17-headed hydra closely misses you.
The 17-headed hydra bites you but does no damage.
The 17-headed hydra misses you. You block the 17-headed hydra's attack.
The 17-headed hydra barely misses you.
The 17-headed hydra bites you but does no damage. x3
The 17-headed hydra barely misses you.
The 17-headed hydra bites you but does no damage.
You barely miss the 17-headed hydra.
The 17-headed hydra is moderately wounded.
Unknown command.
You lop one of the 17-headed hydra's heads off!
The 16-headed hydra grows two more!
You slash the 18-headed hydra!
The 18-headed hydra is moderately wounded.
The 18-headed hydra bites you!
* * * LOW HITPOINT WARNING * * *
The 18-headed hydra bites you!
* * * LOW HITPOINT WARNING * * *
You block the 18-headed hydra's attack. x2
The 18-headed hydra bites you but does no damage.
The 18-headed hydra completely misses you.
The 18-headed hydra bites you but does no damage. x2
The 18-headed hydra bites you.
* * * LOW HITPOINT WARNING * * *
The 18-headed hydra closely misses you.
The 18-headed hydra bites you but does no damage.
You block the 18-headed hydra's attack.
The 18-headed hydra bites you but does no damage.
The 18-headed hydra barely misses you. The 18-headed hydra bites you.
* * * LOW HITPOINT WARNING * * *
The 18-headed hydra bites you!
You die...

.........###
##..........##
#............##
#............P.#
#...............#
#...............
##..D....$........
#....@............
##.....<........#.
#...........?....
#.................
####.....$....#..#
##..##.....$.#
#.####.......## ##
##.......#
###.#####..##....


You could see a 18-headed hydra.

Vanquished Creatures
  3 two-headed ogres
  10 death yaks
  Sonja (Lair:1)
  2 ugly things (D:11)
  An elephant (D:10)
  Maggie (D:7)
  An unseen horror (D:7)
  3 cane toads (Lair:1)
  A torpor snail (Lair:1)
  2 komodo dragons (Lair:1)
  2 rime drakes
  A troll (D:9)
  3 blink frogs (Lair:1)
  3 dream sheep (Lair:1)
  29 yaks
  3 wyverns
  2 basilisks (Lair:2)
  3 vampire mosquitoes (D:9)
  A steam dragon (D:9)
  An acid dragon (D:10)
  10 water moccasins
  3 black bears
  5 orc warriors
  4 ice beasts
  An ogre (D:6)
  11 wolves (Lair:1)
  2 phantoms (D:7)
  3 centaurs
  6 bullfrogs
  2 scorpions (D:4)
  10 wights
  9 killer bees
  7 howler monkeys
  A hound (D:5)
  Crazy Yiuf (D:4)
  3 gnoll boudas
  5 orc priests
  2 sleepcaps
  Ijyb (D:4)
  7 orc wizards
  7 hell rats (Lair:2)
  Robin (D:2)
  12 gnolls
  6 adders
  A shadow imp (D:6)
  3 white imps (D:6)
  An ufetubus (D:6)
  2 worms (D:2)
  A dart slug (D:4)
  36 orcs
  5 ball pythons
  9 endoplasms
  5 giant cockroaches
  13 goblins
  11 hobgoblins
  8 kobolds
  3 quokkas
  4 bats
  3 frilled lizards (D:1)
  A rat (D:3)
298 creatures vanquished.

Vanquished Creatures (others)
  An orc wizard (D:7)
  A demonic plant (D:6)
  8 fungi
  15 plants
25 creatures vanquished.

Grand Total: 323 creatures vanquished

Notes
Turn   | Place    | Note
-------+----------+-------------------------------------------
     0 | D:1      | Mesmaeker13 the Minotaur Fighter began the quest for the
                  | Orb.
     0 | D:1      | Reached XP level 1. HP: 19/19 MP: 0/0
   272 | D:1      | Reached XP level 2. HP: 18/27 MP: 1/1
   381 | D:1      | Found a faded altar of an unknown god.
   602 | D:2      | Noticed Robin
   646 | D:2      | Reached XP level 3. HP: 22/33 MP: 2/2
   661 | D:2      | Killed Robin
   911 | D:1      | Reached XP level 4. HP: 27/41 MP: 3/3
  1642 | D:2      | Reached XP level 5. HP: 47/47 MP: 4/4
  1744 | D:3      | Found a sparkling altar of Nemelex Xobeh.
  1888 | D:3      | Noticed a water moccasin
  1901 | D:3      | Killed a water moccasin
  1902 | D:3      | Reached skill level 5 in Fighting
  1902 | D:3      | Reached skill level 5 in Armour
  1902 | D:3      | Reached skill level 5 in Shields
  2536 | D:4      | Reached XP level 6. HP: 48/56 MP: 5/5
  2783 | D:4      | Found a bloodstained altar of Trog.
  2960 | D:4      | Noticed Ijyb
  2967 | D:4      | Killed Ijyb
  3206 | D:4      | Found a runed translucent door.
  3207 | D:4      | Noticed Crazy Yiuf
  3380 | D:4      | Killed Crazy Yiuf
  3548 | D:5      | Entered Level 5 of the Dungeon
  3569 | D:5      | Identified the +6 hand axe of Discord {venom, rCorr Str+2}
  3601 | D:5      | You fall into a shaft and drop 3 floors!
  3611 | D:8      | Noticed an ice beast
  3628 | D:8      | Killed an ice beast
  3629 | D:8      | Reached XP level 7. HP: 62/62 MP: 6/6
  3657 | D:8      | Reached skill level 5 in Long Blades
  3913 | D:7      | Noticed Maggie
  3947 | D:7      | Killed Maggie
  3948 | D:7      | Reached XP level 8. HP: 31/71 MP: 7/7
  4170 | D:7      | Found a shadowy altar of Dithmenos.
  4191 | D:6      | Found a staircase to the Ecumenical Temple.
  5469 | Temple   | Entered the Ecumenical Temple
  5474 | Temple   | Became a worshipper of Warmaster Okawaru
  5508 | D:6      | Reached XP level 9. HP: 81/81 MP: 8/8
  5866 | D:6      | Found a shimmering altar of Xom.
  6767 | D:7      | Reached * piety under Okawaru
  7159 | D:7      | Killed an unseen horror
  7159 | D:7      | Reached ** piety under Okawaru
  7853 | D:8      | Reached XP level 10. HP: 68/91 MP: 9/9
  8359 | D:8      | Reached skill level 1 in Invocations
  9261 | D:9      | Found a staircase to the Orcish Mines.
  9290 | D:9      | Reached *** piety under Okawaru
  9351 | D:9      | Found Fair Eha's Antique Armour Emporium.
  9490 | D:9      | Reached skill level 10 in Fighting
  9491 | D:9      | Reached skill level 10 in Armour
  9512 | D:9      | Reached skill level 10 in Shields
  9515 | D:9      | Found a shimmering blue altar of Sif Muna.
  9874 | D:9      | Found a radiant altar of Vehumet.
  9956 | D:10     | Entered Level 10 of the Dungeon
  9973 | D:10     | Found an opulent altar of Gozag.
 10039 | D:10     | Noticed a hell hog
 10044 | D:10     | Identified the staff of fire "Icrutz" {rF+ SInv}
 10055 | D:10     | Found a transporter.
 10216 | D:10     | Reached **** piety under Okawaru
 10218 | D:10     | Found a staircase to the Lair.
 10218 | D:10     | Noticed an elephant
 10243 | D:10     | Killed an elephant
 10333 | D:10     | Found a one-way gate to the infinite horrors of the Abyss.
 10333 | D:10     | Noticed PanSaczeczos's ghost (journeyman MfRe)
 10439 | D:10     | Reached skill level 10 in Long Blades
 10473 | D:10     | Reached XP level 11. HP: 23/101 MP: 12/12
 10941 | D:10     | Noticed a two-headed ogre
 10955 | D:10     | Killed a two-headed ogre
 10955 | D:10     | Reached ***** piety under Okawaru
 11363 | D:10     | Found a transporter.
 11369 | D:10     | Noticed a green ugly thing
 11908 | D:11     | Identified the +2 leather armour "Sivimog" {-Cast +Blink
                  | rN+ rCorr}
 12010 | D:11     | Noticed a two-headed ogre
 12026 | D:11     | Killed a two-headed ogre
 12225 | D:11     | Noticed a two-headed ogre
 12232 | D:11     | Killed a two-headed ogre
 12279 | D:11     | Found a transporter.
 12297 | D:11     | Noticed a cyan ugly thing
 12311 | D:11     | Killed a cyan ugly thing
 12507 | D:11     | Noticed a cyan ugly thing
 12516 | D:11     | Killed a cyan ugly thing
 12517 | D:11     | Reached skill level 5 in Invocations
 12640 | D:11     | Identified the +8 ring mail of Trumpets {Rampage rN+ Regen+
                  | Int-3}
 12784 | D:11     | Found a transporter.
 12817 | D:11     | Found a transporter.
 12883 | D:11     | Found a transporter.
 12948 | Lair:1   | Entered Level 1 of the Lair of Beasts
 13028 | Lair:1   | Reached skill level 1 in Dodging
 13326 | Lair:1   | Noticed a death yak
 13348 | Lair:1   | Killed a death yak
 13365 | Lair:1   | Noticed a death yak
 13387 | Lair:1   | Killed a death yak
 13387 | Lair:1   | Reached ****** piety under Okawaru
 13427 | Lair:1   | Noticed a death yak
 13427 | Lair:1   | Noticed a death yak
 13427 | Lair:1   | Noticed a death yak
 13427 | Lair:1   | Noticed a death yak
 13469 | Lair:1   | Killed a death yak
 13470 | Lair:1   | Reached XP level 12. HP: 104/112 MP: 15/15
 13487 | Lair:1   | Killed a death yak
 13499 | Lair:1   | Killed a death yak
 13499 | Lair:1   | Identified the +2 pair of gloves of the Cuttlefish {rPois
                  | rF+ Str-4} (Okawaru gifted it to you on level 1 of the Lair
                  | of Beasts)
 13499 | Lair:1   | Received a gift from Okawaru
 13515 | Lair:1   | Killed a death yak
 13835 | Lair:1   | Noticed Sonja
 13857 | Lair:1   | Killed Sonja
 13952 | Lair:1   | Identified the +4 trident of Ympor {heavy, Int+3}
 14369 | Lair:2   | Reached skill level 5 in Dodging
 14389 | Lair:2   | Identified the +2 ring mail "Myed" {rF+ rC+}
 14739 | Lair:2   | Noticed a death yak
 14739 | Lair:2   | Noticed a death yak
 14752 | Lair:2   | Noticed a death yak
 14754 | Lair:2   | Noticed a death yak
 14789 | Lair:2   | Killed a death yak
 14798 | Lair:2   | Killed a death yak
 14812 | Lair:2   | Killed a death yak
 14826 | Lair:2   | Killed a death yak
 15269 | Lair:3   | Noticed a five-headed hydra
 15319 | Lair:3   | HP: 5/113 [18-headed hydra (1)]
 15319 | Lair:3   | Slain by an 18-headed hydra

Illustrated notes

Levels and vault maps discovered:
D:1:      shiori_shiawase, layout_rooms, chequers_ecumenical_altar_simple
D:2:      layout_basic, minmay_randomly_rotated_circles, uniq_robin
D:3:      layout_basic, old_standard_altar
D:4:      layout_loops_ring, trog_book, uniq_ijyb, uniq_crazy_yiuf_cottage
D:5:      layout_loops_ring, chequers_decorated_corner, minmay_hedge_maze
D:6:      layout_basic, mainiacjoe_overflow_paths, minmay_temple_entry_mist,
          serial_demonic, serial_demonic_c, serial_demonic_e, serial_demonic_e,
          serial_demonic_c, serial_demonic_a
D:7:      layout_basic, nicolae_dithmenos_the_darkroom, serial_bayou_pond_c,
          dreamdust_gnoll_shepherd, uniq_maggie
D:8:      layout_loops_ring, minmay_curled_crystal,
          hangedman_abyss_or_decor_clamps
D:9:      layout_cave_pools, jmf_multi_god_temple,
          minmay_orc_entry_temple_small, serial_shops, shop
D:10:     layout_layer_cave, grunt_gozag_breadcrumbs, david_lair_generic,
          gammafunk_ghost_abyssal_escape
D:11:     layout_loops_corners, nicolae_transporter_intersection
Temple:   minmay_freezing_vapour_temple
Lair:1:   layout_cellular_growth, uniq_sonja
Lair:2:   layout_gridlike
Lair:3:   layout_cave_pods, skrybe_swamp_entry_bodies, spider_nest_entry_webs,
          serial_bayou_shore_b

Skill      XL: |  1  2  3  4  5  6  7  8  9 10 11 12 |
---------------+-------------------------------------+-----
Fighting       | 4 5 6 8 9 10 11 12 | 12.9
Armour         | 4 5 6 8 9 10 11 | 11.2
Shields        | 4 5 6 7 9 10 11 12 | 12.8
Long Blades    | 3 4 6 7 8 10 11 12 | 12.5
Invocations    | 3 5 7 |  7.4
Dodging        | 3 5 |  5.7

Action                     |  1- 3 |  4- 6 |  7- 9 | 10-12 || total
---------------------------+-------+-------+-------+-------++-------
  Melee: Long sword        |     9 |       |       |   526 ||   535
         Short sword       |    97 |   172 |   303 |   304 ||   876
         Headbutt          |    18 |    26 |    70 |   227 ||   341
  Throw: Dart              |       |       |       |    19 ||    19
 Invoke: Heroism           |       |       |       |     3 ||     3
         Finesse           |       |       |       |     2 ||     2
  Evoke: Wand              |       |     1 |    20 |    29 ||    50
    Use: Scroll            |       |     6 |     3 |    11 ||    20
         Potion            |       |     3 |       |     3 ||     6
 Armour: Scale mail        |    39 |    58 |    28 |       ||   125
         Chain mail        |       |       |    89 |   135 ||   224
         Ring mail         |       |       |       |   208 ||   208
  Dodge: Dodged            |    40 |    62 |    87 |   250 ||   439
  Block: Buckler           |    20 |    38 |    49 |   185 ||   292
